 Dungeon Crawl Stone Soup version 0.29-a0-8-g0446c0dae4 (webtiles) character file.

Game seed: 413001069498822511

484 shoop the Covert (level 6, -3/37 HPs)
             Began as a Vampire Delver on Jan 27, 2022.
             Slain by a gnoll (4 damage)
             ... on level 4 of the Dungeon.
             The game lasted 00:05:49 (3399 turns).

shoop the Covert (Vampire Delver)                   Turns: 3399, Time: 00:05:49

Health: -3/37      AC:  3    Str: 11    XL:     6   Next: 88%
Magic:  6/6        EV: 12    Int: 15    God:
Gold:   122        SH:  0    Dex: 15    Spells: 5/5 levels left

rFire   . . .      SeeInvis +   b - +2 quarterstaff (spect)
rCold   + + .      Faith    .   (shield currently unavailable)
rNeg    + + +      Spirit   .   h - +0 leather armour
rPois   ∞          Reflect  .   (no helmet)
rElec   .          Harm     .   (no cloak)
rCorr   .          Rampage  .   (no gloves)
Will    .....                   (no boots)
Stlth   ++++++....              (no amulet)
HPRegen 0.00/turn               (no ring)
MPRegen 0.10/turn               (no ring)

@: bloodless, inhibited regen
A: bloodless, fangs 3, see invisible, vampiric 2
a: Bat Form, Revivify


You were on level 4 of the Dungeon.
You visited 1 branch of the dungeon, and saw 5 of its levels.

You collected 122 gold pieces.

Inventory:

Hand Weapons
 a - a +0 short sword
 b - a +2 spectral quarterstaff (weapon)
 v - a +1 dagger of speed
Missiles
 u - a throwing net (quivered)
Armour
 h - a +0 leather armour (worn)
 r - a scarf of harm
Wands
 g - a wand of digging (3)
Scrolls
 c - a scroll of fog
 d - a scroll of magic mapping
 e - a scroll of fear
 k - a scroll of enchant armour {unknown}
 l - 6 scrolls of identify {unknown}
 m - a scroll of amnesia {unknown}
 o - a scroll of holy word {unknown}
 p - a scroll of immolation {unknown}
 s - 2 scrolls of teleportation {unknown}
 w - a scroll of brand weapon {unknown}
Potions
 f - a potion of haste
 i - 2 potions of cancellation {unknown}
 j - 6 potions of curing {unknown}
 n - a potion of berserk rage {unknown}
 q - 2 potions of resistance
 t - 2 potions of brilliance {unknown}


   Skills:
 - Level 3.0 Fighting
 - Level 2.6 Short Blades
 - Level 2.8(3.0) Polearms
 - Level 1.0(1.9) Staves
 - Level 3.0 Dodging
 + Level 9.8 Stealth
 - Level 3.0 Evocations


You had 5 spell levels left.
You didn't know any spells.
Your spell library was empty.

Dungeon Overview and Level Annotations

Branches:
Dungeon (5/15)
 Temple: D:4-7

Altars:
Elyvilon
Hepliaklqana
Yredelemnul

Annotations:
D:3 exclusions: 3 gnolls and 1 more exclusion


Innate Abilities, Weirdness & Mutations

You do not regenerate when monsters are visible.
You are frail without blood (-20% HP).
You can heal yourself when you bite living creatures.
You are immune to poison.
You have razor-sharp teeth.
You have supernaturally acute eyesight. (SInv)
You are afflicted with vampirism and can become a bat while bloodless.


Message History

No target in view!
No target in view!
No target in view!
No target in view!
No target in view!
You swap places.
You now have 122 gold pieces (gained 19).
You see here a +0 hand axe.
Found a basalt altar of Yredelemnul.
You see here a hound skeleton.
Found a stone staircase leading up.
An orc comes into view. It is wielding a +0 club.
There is a stone staircase leading up here.
You climb upwards.
Level annotation: exclusions: 3 gnolls and 1 more exclusion The gnoll shouts! x3
The kobold throws a stone.
The stone misses you.
The stone barely misses the gnoll.
The stone hits the gnoll.
The gnoll hits you from afar with a +0 spear.
The gnoll shouts!
There is a stone staircase leading down here.
This staircase is marked as excluded!
Enter next level anyway?
The gnoll hits you with a +0 whip!
The gnoll hits you from afar with a +0 spear.
The gnoll hits you with a +0 flail.
The gnoll hits you from afar with a +0 spear!
* * * LOW HITPOINT WARNING * * *
You climb downwards.
There is a stone staircase leading up here.
Okay, then.
You barely miss the gnoll. The gnoll closely misses you.
The gnoll hits you but does no damage. The gnoll misses you.
The gnoll completely misses you.
You sock the gnoll!
The gnoll is severely wounded.
The gnoll hits you with a +0 flail!
* * * LOW HITPOINT WARNING * * *
The gnoll hits you with a +0 whip.
You die...

#.# #. #.# #.
########.# #.
.........# #.
###..##### #. #..#
######. #..# ......>#
#..################..o
........
#............g@g....#
#####.##
##.################...
...# #.# ###.# #.# #.#
#.# ####.## #.#
#...... #.# #.##.##
#.##### #.##.# #.....#
#.#####.##.#


You could see 2 gnolls and an orc (asleep).

Vanquished Creatures
  A black bear (D:4)
  A scorpion (D:4)
  A hound (D:4)
  2 orc priests (D:4)
  An iguana (D:4)
  2 orc wizards
  4 gnolls (D:3)
  2 adders (D:2)
  An ufetubus (D:4)
  A worm (D:2)
  A dart slug (D:4)
  6 orcs
  4 ball pythons
  11 bats
  8 endoplasms
  8 goblins
  11 hobgoblins
  10 jackals
  6 kobolds
  2 quokkas
  2 frilled lizards (D:1)
  2 rats
87 creatures vanquished.

Vanquished Creatures (others)
  2 plants (D:4)
2 creatures vanquished.

Grand Total: 89 creatures vanquished

Notes
Turn   | Place    | Note
-------+----------+-------------------------------------------
     0 | D:5      | shoop the Vampire Delver began the quest for the Orb.
     0 | D:5      | Reached XP level 1. HP: 17/17 MP: 1/1
   208 | D:3      | Reached XP level 2. HP: 18/18 MP: 2/2
   243 | D:3      | Gained mutation: You are afflicted with vampirism and can
                  | become a bat while bloodless. [Vampire growth]
   243 | D:3      | Reached XP level 3. HP: 19/23 MP: 3/3
   531 | D:1      | Reached skill level 1 in Staves
   807 | D:1      | Found a faded altar of an unknown god.
   820 | D:1      | Reached skill level 1 in Polearms
   898 | D:1      | Reached XP level 4. HP: 28/28 MP: 4/4
  1753 | D:2      | Reached XP level 5. HP: 32/32 MP: 5/5
  2527 | D:4      | Reached skill level 8 in Stealth
  2527 | D:4      | Reached skill level 1 in Evocations
  2703 | D:4      | Found a hazy altar of Hepliaklqana.
  2717 | D:4      | Reached XP level 6. HP: 36/37 MP: 6/6
  2840 | D:4      | Reached skill level 9 in Stealth
  3311 | D:4      | Found a basalt altar of Yredelemnul.
  3399 | D:4      | HP: 1/37 [gnoll (7)]
  3399 | D:4      | Slain by a gnoll

Illustrated notes

Levels and vault maps discovered:
D:1:      onia_arrival_pentagram, layout_basic,
          shapermc_ecumenical_altar_totnotflames, minmay_close_crescents
D:2:      layout_basic, basic_altar
D:3:      layout_loops_ring
D:4:      layout_loops_ring, kennysheep_ying_yang,
          nicolae_hepliaklqana_hazy_memory
D:5:      layout_loops_corners, fedhas_ov_isle_minmay, serial_shops,
          nicolae_shop_behind_doors, uniq_edmund, uniq_ijyb, uniq_menkaure

Skill      XL: |  1  2  3  4  5  6 |
---------------+-------------------+-----
Fighting       | 3 |  3.0
Dodging        | 3 |  3.0
Staves         | 1 |  1.0
Polearms       | 1 2 |  2.8
Stealth        | 8 9 |  9.8
Evocations     | 2 3 |  3.0
Short Blades   | |  2.6

Action                   |  1- 3 |  4- 6 || total
-------------------------+-------+-------++-------
Melee: Quarterstaff      |    49 |   104 ||   153
       Short sword       |     1 |       ||     1
       Bite              |     1 |    12 ||    13
 Abil: Exsanguinate      |     1 |       ||     1
 Stab: Sleeping          |     6 |    18 ||    24
Armor: Leather armour    |    16 |    20 ||    36
Dodge: Dodged            |    25 |    52 ||    77

Table legend: (Time is in decaauts)
 A = Elapsed time spent in this place.
 B = Non-inter-level travel time spent in this place.
 C = Inter-level travel time spent in this place.
 D = Time resting spent in this place.
 E = Time spent auto-exploring this place.
 F = Levels seen in this place.
 G = Mean time per level.
                   A        B        C        D        E       F      G
               +--------+--------+--------+--------+--------+-----+--------+
         Total |   3433 |   3339 |     94 |      0 |   2679 |   5 |  686.6 |
       Dungeon |   3433 |   3339 |     94 |      0 |   2679 |   5 |  686.6 |
               +--------+--------+--------+--------+--------+-----+--------+

Top non-repeatable levels by time:
     D:4: 971 daAuts
     D:2: 846 daAuts
     D:3: 841 daAuts
     D:1: 763 daAuts
     D:5: 10 daAuts
